 Dungeon Crawl Stone Soup version 0.16-a0-3807-g3748f16 (webtiles) character file.

3085 MrRokkomies the Fighter (level 9, -4/105 HPs)
             Began as an Ogre Hunter on Jan 28, 2015.
             Slain by a killer bee (5 damage)
             ... on level 7 of the Dungeon.
             The game lasted 00:31:17 (7326 turns).

MrRokkomies the Fighter (Ogre Hunter)               Turns: 7326, Time: 00:31:17

Health: -4/105     AC:  4    Str: 21    XL:     9   Next: 89%
Magic:  9/9        EV: 18    Int: 10    God:
Gold:   357        SH:  0    Dex: 16    Spells: 0 memorised, 8 levels left

rFire  . . .     SeeInvis .     a - -1 giant club (curse)
rCold  . . .     Clarity  .     d - +1 animal skin
rNeg   + . .     SustAb   .     (shield restricted)
rPois  .         Gourm    .     (helmet restricted)
rElec  .         Spirit   .     (no cloak)
rCorr  .         Warding  +     (gloves unavailable)
rMut   .         Stasis   .     (boots unavailable)
MR     .....                    t - amulet of warding
Stlth  ++........               (no ring)
                                p - ring of flight

@: agile, lethally poisoned, not resistant to hostile enchantments, unstealthy
A: unfitting armour, hooves 1, clumsy 1, strong 1, tough skin 1
a: Evoke Flight


You were on level 7 of the Dungeon.
You were not hungry.

You visited 1 branch of the dungeon, and saw 7 of its levels.

You collected 357 gold pieces.

Inventory:

Hand weapons
 a - a cursed -1 giant club (weapon)
 v - a +0 giant spiked club
Missiles
 b - 5 large rocks
 c - 2 throwing nets
 e - 6 javelins (quivered)
 j - 19 poisoned needles
 l - 29 stones
 s - 8 tomahawks
Armour
 d - a +1 animal skin (worn)
Jewellery
 p - a ring of flight (left hand)
 t - an amulet of warding (around neck)
Scrolls
 k - 4 scrolls of enchant weapon
 u - a scroll of amnesia
Potions
 i - a potion of cancellation
Books
 g - a book of Debilitation

   Spells                             Type                      Level
   a - Corona                         Hexes                        1
   b - Slow                           Hexes                        2
   c - Inner Flame                    Hexes/Fire                   3
   d - Enslavement                    Hexes                        4
   e - Cause Fear                     Hexes                        4
   f - Leda's Liquefaction            Hexes/Earth                  4
Comestibles
 f - 2 meat rations
 m - 2 fruits
 q - 2 bread rations


   Skills:
 - Level 11.0 Fighting
 * Level 10.8 Maces & Flails
 + Level 5.2 Throwing
 * Level 5.6 Dodging
 - Level 0.7 Stealth


You had 8 spell levels left.
You didn't know any spells.

Dungeon Overview and Level Annotations

Branches:
Dungeon (7/15)
 Temple: D:4-7

Altars:
Ru
Xom

Shops:
D:4 }

Annotations:
D:2 runed door


Innate Abilities, Weirdness & Mutations

You are too large for most types of armour.
You have tough skin (AC +1).
You have large cloven feet.
You are clumsy. (Dex -2)
Your muscles are strong. (Str +2)


Message History

The killer bee is moderately wounded.
You feel sick. The killer bee misses you. The killer bee misses you.
The killer bee stings you.
* * * LOW HITPOINT WARNING * * *
You closely miss the killer bee.
You kick the killer bee, but do no damage.
The killer bee is moderately wounded.
* * * LOW HITPOINT WARNING * * *
You feel sick.
The killer bee stings you but does no damage.
The killer bee barely misses you.
You closely miss the killer bee.
You kick the killer bee, but do no damage.
The killer bee is moderately wounded.
The killer bee closely misses you. The killer bee misses you.
You miss the killer bee. Your kick misses the killer bee.
The killer bee is moderately wounded.
* * * LOW HITPOINT WARNING * * *
You feel sick. The killer bee misses you. The killer bee stings you.
You die...

###########..........
#...........
#####............
#.P.#............
#P..............
#PP....#..........
#P.#.###.###......
###### #..##.......
##@##........
###y##........
#..K.....K....
+....(.$.......
#.....(....###
#..........#
#..........#
#..).......#
#..........#


You could see a killer bee and a kobold.

Vanquished Creatures
  The ghost of Herrn the Destroyer, an experienced OpFE of Cheibriados (D:6)
  Pikel (D:6)
  Eustachio (D:5)
  Menkaure (D:5)
  A sky beast (D:6)
  A slave (D:6)
  An ice beast (D:6)
  6 ogres
  A centaur (D:5)
  2 giant frogs (D:6)
  2 scorpions
  5 killer bees (D:7)
  A jelly (D:5)
  A crimson imp (D:6)
  A giant frog zombie (D:5)
  An orc priest (D:5)
  4 orc wizards
  A giant frog skeleton (D:6)
  2 hounds
  2 worker ants (D:5)
  A killer bee zombie (D:6)
  2 hound skeletons
  A worker ant zombie (D:5)
  2 shadow imps
  11 adders
  A giant mite (D:6)
  3 worms
  3 giant geckos
  16 orcs
  2 bat skeletons
  4 giant cockroaches
  9 goblins
  11 hobgoblins
  8 kobolds
  4 quokkas
  A ball python (D:2)
  10 bats
  2 giant newts
  6 jackals
  A jackal skeleton (D:6)
  6 rats
140 creatures vanquished.

Vanquished Creatures (others)
  An ogre (D:6)
  3 gnolls (D:6)
4 creatures vanquished.

Grand Total: 144 creatures vanquished

Notes
Turn   | Place    | Note
--------------------------------------------------------------
     0 | D:1      | MrRokkomies, the Ogre Hunter, began the quest for the Orb.
     0 | D:1      | Reached XP level 1. HP: 22/22 MP: 1/1
   269 | D:1      | Reached XP level 2. HP: 26/31 MP: 2/2
   942 | D:1      | Gained mutation: You have large cloven feet. [potion of mutation]
   942 | D:1      | Gained mutation: Your muscles are strong. (Str +2) [potion of mutation]
   942 | D:1      | Gained mutation: You are clumsy. (Dex -2) [potion of mutation]
   964 | D:2      | Reached skill level 1 in Maces & Flails
   964 | D:2      | Reached XP level 3. HP: 29/37 MP: 3/3
  1665 | D:2      | Found a runed door.
  1665 | D:2      | Found a runed door.
  1665 | D:2      | Found a runed door.
  1667 | D:2      | Found a runed door.
  1820 | D:2      | Found a shimmering altar of Xom.
  1952 | D:2      | Reached skill level 5 in Throwing
  1952 | D:2      | Reached XP level 4. HP: 48/48 MP: 4/4
  2240 | D:2      | Found a runed door.
  2609 | D:3      | Reached XP level 5. HP: 49/55 MP: 5/5
  2701 | D:3      | Reached skill level 5 in Fighting
  3404 | D:4      | Noticed an ogre
  3408 | D:4      | Killed an ogre
  3408 | D:4      | Reached XP level 6. HP: 64/67 MP: 6/6
  3535 | D:4      | Reached skill level 6 in Fighting
  4026 | D:4      | Found Vaitaifa's Gadget Emporium.
  4366 | D:5      | Entered Level 5 of the Dungeon
  4371 | D:4      | Reached skill level 5 in Maces & Flails
  4371 | D:4      | Reached XP level 7. HP: 45/76 MP: 7/7
  4385 | D:5      | Noticed Eustachio
  4500 | D:5      | Killed Eustachio
  4507 | D:5      | Reached skill level 7 in Fighting
  4513 | D:5      | HP: 2/78 [quokka (2)]
  4826 | D:5      | Reached XP level 8. HP: 61/88 MP: 8/8
  4897 | D:5      | Reached skill level 8 in Fighting
  4943 | D:5      | Noticed Menkaure
  4951 | D:5      | Killed Menkaure
  5383 | D:6      | Noticed Herrn's ghost (experienced OpFE)
  5407 | D:6      | Killed Herrn's ghost
  5407 | D:6      | Reached skill level 9 in Fighting
  5407 | D:6      | Reached XP level 9. HP: 45/100 MP: 9/9
  6095 | D:6      | Reached skill level 10 in Fighting
  6150 | D:6      | Found a sacrificial altar of Ru.
  6337 | D:6      | Noticed Pikel
  6370 | D:6      | Killed Pikel
  6370 | D:6      | Reached skill level 10 in Maces & Flails
  6370 | D:6      | Reached skill level 5 in Dodging
  7005 | D:7      | Reached skill level 11 in Fighting
  7321 | D:7      | HP: 5/105 [poisoned by a killer bee]
  7324 | D:7      | HP: 2/105 [poisoned by a killer bee]
  7326 | D:7      | Slain by a killer bee

Action                   |  1- 3 |  4- 6 |  7- 9 || total
-------------------------+-------+-------+-------++-------
Melee: Short sword       |    84 |       |       ||    84
       Club              |    60 |       |       ||    60
       Flail             |     2 |    85 |       ||    87
       Morningstar       |       |    23 |       ||    23
       Giant club        |       |    39 |   220 ||   259
Throw: Stone             |    15 |    11 |       ||    26
       Large rock        |       |     4 |     8 ||    12
       Tomahawk          |       |       |     5 ||     5
       Javelin           |       |       |     8 ||     8
  Use: Scroll            |     4 |     3 |     9 ||    16
       Potion            |     2 |       |     9 ||    11
  Eat: Chunk             |     3 |     7 |    10 ||    20
       Fruit             |       |       |     1 ||     1
